AoeStats
← david.cc

Arabia

507589881Analyzed
1v1 RM · 13d ago on Sep 18, 2026· 56m 20s· 2 players
Game mode
Random Map
Map size
Tiny (2 player)
Population
200
Speed
Normal
Resources
Standard
Victory
Conquest
Starting age
Dark Age
Ending age
Imperial Age
RankedLock teamsTeams togetherTeam positionsShared explorationLock speedFull tech treeHidden civsTurbo modeCheats
Victory
Defeat
🇨🇴 Slavs · Colombia
771
+16
🇦🇷 Celts · Argentina
769
-16
billydehijel
6:00 Loom
9:03 Feudal Age
9:40 Double-Bit Axe
23:16 Castle Age
21:37 Gold Mining
21:44 Horse Collar
23:04 Scale Barding Armor
24:29 Chain Barding Armor
25:23 Light Cavalry
32:34 Forging
33:57 Pikeman
35:16 Scale Mail Armor
35:35 Heavy Plow
38:05 Town Watch
38:44 Stone Mining
39:07 Bow Saw
40:14 Stone Shaft Mining
42:42 Wheelbarrow
42:59 Chain Mail Armor
46:57 Imperial Age
45:29 Hand Cart
45:58 Arson
47:17 Iron Casting
47:31 Gold Shaft Mining
48:41 Plate Mail Armor
49:32 Coinage
50:04 Blast Furnace
50:57 Blast Furnace
david.cc
6:53 Loom
10:21 Feudal Age
11:11 Double-Bit Axe
15:21 Horse Collar
22:12 Castle Age
20:11 Gold Mining
21:05 Forging
20:18 Man-at-Arms
21:04 Scale Mail Armor
21:41 Stone Mining
23:19 Bloodlines
23:27 Heavy Plow
24:24 Squires
25:49 Iron Casting
27:31 Scale Barding Armor
27:43 Chain Mail Armor
28:05 Gold Shaft Mining
28:16 Bow Saw
28:11 Husbandry
29:18 Wheelbarrow
31:57 Light Cavalry
36:39 Pikeman
38:22 Detinets
40:29 Hand Cart
44:31 Imperial Age
43:26 Masonry
44:36 Town Watch
44:44 Hussar
45:47 Conscription
44:53 Cavalier
44:59 Cavalier
47:25 Blast Furnace
46:47 Chain Barding Armor
48:56 Two-Man Saw
47:25 Halberdier
49:12 Crop Rotation
50:06 Chemistry
50:12 Plate Mail Armor
50:17 Plate Barding Armor
51:33 Druzhina
50:56 Elite Boyar
53:38 Hoardings
55:34 Long Swordsman
56:19 Two-Handed Swordsman
Connection lost

Rejoining the realm…

Still unreachable

The connection could not be restored.

Session expired

The server has moved on; the page needs a fresh start.